 Dungeon Crawl Stone Soup version 0.16.1-5-gaa23807 (webtiles) character file.

63 wojtek the Cutter (level 4, 0/26 HPs)
             Began as a Kobold Assassin on Mar 28, 2015.
             Slain by dxcTest1's ghost (9 damage)
             ... on level 3 of the Dungeon.
             The game lasted 00:02:45 (2775 turns).

wojtek the Cutter (Kobold Assassin)                 Turns: 2775, Time: 00:02:45

Health: 0/26       AC:  4    Str:  9    XL:     4   Next: 31%
Magic:  4/4        EV: 14    Int: 10    God:
Gold:   109        SH:  0    Dex: 17    Spells: 0 memorised, 3 levels left

rFire  . . .     SeeInvis .     a - +2 dagger
rCold  . . .     Clarity  .     r - +0 robe (curse)
rNeg   . . .     SustAb   .     (no shield)
rPois  .         Gourm    .     (no helmet)
rElec  .         Spirit   .     d - +0 cloak
rCorr  .         Warding  .     t - +0 pair of gloves
rMut   .         Stasis   .     (no boots)
MR     .....                    (no amulet)
Stlth  +++.......               (no ring)
                                (no ring)

@: not resistant to hostile enchantments, fairly stealthy
A: carnivore 3
a: no special abilities


You were on level 3 of the Dungeon.
You were completely stuffed.

You visited 1 branch of the dungeon, and saw 3 of its levels.

You collected 109 gold pieces.

Inventory:

Hand weapons
 a - a +2 dagger (weapon)
 b - a +0 blowgun
 u - a cursed -1 hunting sling
Missiles
 e - 8 poisoned needles
 f - 2 curare-tipped needles
 v - 9 stones (quivered)
Armour
 d - a +0 cloak (worn)
 r - a cursed +0 robe (worn)
 t - a +0 pair of gloves (worn)
Scrolls
 i - 4 scrolls of remove curse {unknown}
 k - 3 scrolls of identify {unknown}
 l - 6 scrolls of teleportation {unknown}
 m - a scroll of noise {unknown}
 n - a scroll of amnesia {unknown}
 o - a scroll of enchant weapon {unknown}
 q - a scroll of recharging {unknown}
Potions
 h - a potion of curing {unknown}
 p - a potion of restore abilities {unknown}
Comestibles
 g - a meat ration
 j - a royal jelly
 s - a chunk of flesh


   Skills:
 - Level 2.1 Fighting
 + Level 5.7 Short Blades
 - Level 2.6 Throwing
 - Level 1.2 Dodging
 - Level 5.3 Stealth


You had 3 spell levels left.
You didn't know any spells.

Dungeon Overview and Level Annotations

Branches:
Dungeon (3/15)

Altars:
Sif Muna
Xom
Yredelemnul

Annotations:
D:3 dxcTest1's ghost, average OpTm


Innate Abilities, Weirdness & Mutations

You are small and have problems with some larger weapons.
You are carnivorous and can eat meat at any time.


Message History

You barely miss dxcTest1's ghost.
DxcTest1's ghost is moderately damaged.
DxcTest1's ghost hits you.
You barely miss dxcTest1's ghost.
DxcTest1's ghost is moderately damaged.
DxcTest1's ghost barely misses you.
You closely miss dxcTest1's ghost.
DxcTest1's ghost is moderately damaged.
You closely miss dxcTest1's ghost.
DxcTest1's ghost is moderately damaged.
DxcTest1's ghost hits you.
You hit dxcTest1's ghost.
DxcTest1's ghost is moderately damaged.
DxcTest1's ghost hits you.
Some of the chunks of flesh in your inventory have rotted away.
DxcTest1's ghost says very slowly, "There's no hope."
There is a stone staircase leading up here.
There are no items here.
DxcTest1's ghost hits you!
You die...

. #.## ..##
.... ... #..
#.# . #.# ...
#@# ... ###W#
.. #...#
....##.###.###
#.......#
#.#.##### #


You could see dxcTest1's ghost.

Vanquished Creatures
  An adder (D:2)
  2 oozes (D:2)
  A ball python (D:2)
  4 bats
  3 giant cockroaches
  8 goblins
  10 hobgoblins
  2 quokkas (D:2)
  3 giant newts
  10 kobolds
  4 rats
48 creatures vanquished.

Notes
Turn   | Place    | Note
--------------------------------------------------------------
     0 | D:1      | wojtek, the Kobold Assassin, began the quest for the Orb.
     0 | D:1      | Reached XP level 1. HP: 12/12 MP: 1/1
   389 | D:1      | Reached XP level 2. HP: 7/17 MP: 2/2
  1190 | D:1      | Reached XP level 3. HP: 21/21 MP: 3/3
  1487 | D:2      | Found a deep blue altar of Sif Muna.
  1679 | D:2      | Reached skill level 5 in Short Blades
  2149 | D:2      | Reached XP level 4. HP: 19/26 MP: 4/4
  2266 | D:2      | Found a shimmering altar of Xom.
  2266 | D:2      | Found a basalt altar of Yredelemnul.
  2757 | D:3      | Noticed dxcTest1's ghost (average OpTm)
  2775 | D:3      | Slain by dxcTest1's ghost

Action                   |  1- 3 |  4- 6 || total
-------------------------+-------+-------++-------
Melee: Dagger            |   107 |    47 ||   154
 Stab: Sleeping          |     6 |     3 ||     9
       Distracted        |     1 |       ||     1
  Eat: Chunk             |    12 |     2 ||    14
